 Dungeon Crawl Stone Soup version 0.20.0-15-g7f486f2 (webtiles) character file.

612736 Kriby the Hoplite (level 27, -2/248 HPs)
             Began as a Hill Orc Fighter on June 23, 2017.
             Was the Champion of Makhleb.
             Slain by a Tzitzimitl (13 damage)
             ... on level 5 of the Realm of Zot on June 24, 2017.
             The game lasted 03:40:00 (52648 turns).

Kriby the Hoplite (Hill Orc Fighter)               Turns: 52648, Time: 03:40:00

Health: -2/248     AC: 36    Str: 36    XL:     27
Magic:  34/34      EV: 18    Int: 11    God:    Makhleb [******]
Gold:   3754       SH: 33    Dex: 18    Spells: 35/49 levels left

rFire    + + .     SeeInvis +   C - +6 broad axe (chop)
rCold    + . .     Gourm    .   x - +5 large shield
rNeg     . . .     Faith    .   z - +8 faerie dragon scales {rPois rF+ rC- rCorr Slay+2}
rPois    +         Spirit   .   O - +2 hat {SInv}
rElec    +         Reflect  .   T - +4 dragonskin cloak
rCorr    +         Harm     .   s - +2 pair of gloves {Dex+3}
MR       ++++.                  b - +2 pair of boots {run}
Stlth    +.........             V - amulet of regeneration
Regen    1.0/turn               a - ring of the Final Decision {rC+ MR++ Int-2 Dex+2 Stlth+}
MPRegen  0.3/turn               Z - ring "Riyduc" {Str+4 Int+5 Dex+3}

@: drained, quick
A: thin metallic scales 1, low mp 1, mutation resistance 1
0: Orb of Zot
}: 3/15 runes: decaying, serpentine, silver
a: Minor Destruction, Lesser Servant of Makhleb, Major Destruction, Greater
Servant of Makhleb, Renounce Religion


You were on level 5 of the Realm of Zot.
You worshipped Makhleb.
Makhleb was exalted by your worship.
You were not hungry.

You visited 8 branches of the dungeon, and saw 46 of its levels.
You visited the Abyss 1 time.
You also visited: Labyrinth, Ice Cave and Volcano.

You collected 6959 gold pieces.
You spent 3205 gold pieces at shops.

Inventory:

Hand Weapons
 j - the +10 war axe "Kepseag" {freeze, rElec MR- Str-5 Dex+8}
   (You found it on level 1 of the Lair of Beasts)

   It has been specially enchanted to freeze those struck by it, causing extra
   injury to most foes and up to half again as much damage against particularly
   susceptible opponents.
   It can also slow down cold-blooded creatures.
   It affects your strength (-5).
   It affects your dexterity (+8).
   It insulates you from electricity.
   It affects your resistance to hostile enchantments.
 C - a +6 broad axe of chopping (weapon)
 L - a +9 broad axe of flaming
Missiles
 K - 24 javelins (quivered)
Armour
 b - a +2 pair of boots of running (worn)
 s - a +2 pair of gloves of dexterity (worn)
 x - a +5 large shield (worn)
 z - the +8 faerie dragon scales (worn) {rPois rF+ rC- rCorr Slay+2}
   (You took it off the Enchantress on level 2 of the Depths)

   It affects your accuracy and damage with ranged weapons and melee attacks
   (+2).
   It protects you from fire.
   It makes you vulnerable to cold.
   It protects you from poison.
   It protects you from acid and corrosion.
 O - a +2 hat of see invisible (worn)
 T - the +4 dragonskin cloak (worn)
   (You took it off Tiamat on level 4 of the Realm of Zot)
Jewellery
 a - the ring of the Final Decision (left hand) {rC+ MR++ Int-2 Dex+2 Stlth+}
   (You found it on level 2 of the Snake Pit)

   [ring of protection from cold]

   It affects your intelligence (-2).
   It affects your dexterity (+2).
   It protects you from cold.
   It affects your resistance to hostile enchantments.
   It makes you more stealthy.
 d - an uncursed ring of protection from cold
 u - an uncursed ring of fire
 F - a +3 ring of protection
 V - an amulet of regeneration (around neck)
 Z - the ring "Riyduc" (right hand) {Str+4 Int+5 Dex+3}
   (You found it on level 2 of the Abyss)

   [ring of intelligence]

   It affects your strength (+4).
   It affects your intelligence (+5).
   It affects your dexterity (+3).
Wands
 B - a wand of disintegration (12/24)
 J - a wand of acid (4/15)
 P - a wand of clouds (3/9)
 Q - a wand of digging (14/24)
 Y - a wand of clouds (5/9)
Scrolls
 h - 3 scrolls of holy word
 i - 7 scrolls of magic mapping
 k - 24 scrolls of remove curse
 n - 9 scrolls of identify
 p - 2 scrolls of blinking
 q - 10 scrolls of teleportation
 r - 4 scrolls of amnesia
 t - 6 scrolls of fear
 E - a scroll of silence
 H - 8 scrolls of fog
 M - 4 scrolls of recharging
Potions
 c - 2 potions of magic
 e - 14 potions of curing
 o - a potion of berserk rage
 w - 7 potions of brilliance
 A - 6 potions of mutation
 N - a potion of might
 R - a potion of ambrosia
 S - a potion of cancellation
 W - a potion of haste
 X - a potion of invisibility
Books
 I - the Compendium of Earthen Poisoning
   (You found it on level 4 of the Realm of Zot)

   Spells                             Type                      Level
   a - Sting                          Conjuration/Poison           1
   b - Passwall                       Transmutation/Earth          2
   c - Spider Form                    Transmutation/Poison         3
   d - Olgreb's Toxic Radiance        Poison                       4
   e - Venom Bolt                     Conjuration/Poison           5
   f - Alistair's Intoxication        Transmutation/Poison         5
Miscellaneous
 v - 2 boxes of beasts
 y - 2 phantom mirrors
 D - a lamp of fire
 U - a fan of gales
Comestibles
 f - 27 bread rations
 g - 28 royal jellies
 l - 3 chunks of flesh
 m - 27 meat rations
 G - 37 fruits


   Skills:
 * Level 20.7(19.3) Fighting
 - Level 19.5(18.3) Axes
 - Level 4.1(3.2) Throwing
 + Level 19.1(17.9) Armour
 - Level 9.6(8.6) Dodging
 - Level 25.0(23.6) Shields
 - Level 11.5(10.4) Spellcasting
 - Level 22.6(21.2) Fire Magic
 - Level 16.3(15.1) Invocations


You had 35 spell levels left.
You knew the following spells:

 Your Spells              Type           Power        Failure   Level  Hunger
a - Bolt of Fire          Conj/Fire      ####......   30%         6    #######
b - Ignition              Fire           ######....   17%         8    #######


Dungeon Overview and Level Annotations

Branches:
Dungeon (15/15)            Temple (0/1) D:7            Lair (6/6) D:11
  Swamp (4/4) Lair:2        Snake (4/4) Lair:3        Slime (0/5) Lair:6
    Orc (2/2) D:9             Elf (0/3) Orc:2        Vaults (5/5) D:14
  Crypt (0/3) Vaults:3     Depths (5/5) D:15            Zot (5/5) Depths:5

Altars:
Ashenzari
Elyvilon
Fedhas
Gozag
Kikubaaqudgha
Makhleb
Nemelex Xobeh
Okawaru
Qazlal
Trog
Yredelemnul
The Shining One
Beogh
Jiyva
Lugonu

Shops:
D:2 *   D:5 ?   D:6 *   D:8 :   D:9 ?   D:10 [   Orc:2 *???   Vaults:1 ?
Vaults:2 [   Depths:3 [[

Portals:
Hell: Depths:1 Depths:2 Depths:3 Depths:4 Depths:5
Abyss: Depths:2 Depths:4 Depths:5
Pandemonium: Depths:1 Depths:2 Depths:3 Depths:4
Ziggurat: Depths:4


Innate Abilities, Weirdness & Mutations

You are partially covered in thin metallic scales. (AC +2)
Your magical capacity is low. (-10% MP)
You are somewhat resistant to further mutation.


Message History

The Orb Guardian convulses!
Your body is wracked with pain!
* * * LOW HITPOINT WARNING * * *
You barely miss the Orb Guardian.
The Orb Guardian is almost dead.
You miss the Tzitzimitl. You block the Orb Guardian's attack.
You carve the Orb Guardian like a ham!!!
You kill the Orb Guardian!
Makhleb accepts your kill.
You feel better.
You slash the Tzitzimitl! The Tzitzimitl gestures at you.
The bolt of negative energy hits you!
You feel drained.
* * * LOW HITPOINT WARNING * * *
You barely miss the Tzitzimitl.
The Tzitzimitl is almost dead.
The Tzitzimitl closely misses you. The Tzitzimitl bites you!
* * * LOW HITPOINT WARNING * * *
You feel better.
The Tzitzimitl engulfs you but does no damage.
The Tzitzimitl bites you!
You die...

.####.....##.###### #......##
..........##.# ###...##
.)...........# ##....#
..####''####.# ##.....#
#.#........#.# #######......###
..#..####..#.# ##...##.^...##...
).#.)#..#..#.####....#...#.###...
..#..'..'..#.....................
..#..'.)'..#....@................
..#..#..#..#....1....)...........
..#..####..#...))#.).#...........
..#........#...))..)#####........
..####''####..[))..## ####...##
#..................#### #...##
################......# ######
######.# #.#


You could see a Tzitzimitl.

Vanquished Creatures
  Tiamat (Zot:4)
  3 orbs of fire (Zot:5)
  3 ancient liches (Zot:5)
  Boris (Depths:4)
  the Lernaean hydra (Swamp:4)
  Saint Roka (Depths:1)
  6 Killer Klowns (Zot:5)
  Frederick (Vaults:2)
  10 golden dragons
  Nikola (Swamp:1)
  Jory (Vaults:5)
  the Enchantress (Depths:2)
  The ghost of xash the Earth Mage, an adept GrEE of Vehumet (Vaults:2)
  A bone dragon (Depths:5)
  Jorgrun (Snake:4)
  15 tentacled monstrosities
  4 electric golems
  4 titans
  25 Orb Guardians (Zot:5)
  4 quicksilver dragons
  7 liches
  2 sphinxes (Vaults:4)
  A tentacled starspawn (Abyss:2)
  4 death cobs
  Gastronok (Lair:1)
  6 tengu reavers
  12 storm dragons
  6 nagarajas (Snake:4)
  7 draconian monks
  10 shadow dragons
  A ghost moth (Zot:4)
  Aizul (Depths:1)
  10 draconian knights
  Louise (Snake:4)
  2 iron dragons
  10 fire giants
  23 vault wardens
  An emperor scorpion (Depths:2)
  9 frost giants
  4 draconian scorchers
  2 deep elf sorcerers (Vaults:1)
  9 draconian shifters
  4 spriggan defenders (Depths:2)
  An orc warlord (Orc:1)
  2 deep elf elementalists (Vaults:5)
  7 draconian annihilators
  The ghost of marsu the Carver, a journeyman HuFi of Okawaru (Lair:5)
  4 draconian stormcallers
  19 stone giants
  13 ironheart preservers
  18 very ugly things
  5 entropy weavers
  10 green draconians
  2 war gargoyles (Vaults:5)
  4 deep elf demonologists
  2 deep elf annihilators (Vaults:5)
  3 vampire knights
  6 caustic shrike skeletons (Depths:2)
  16 yellow draconians
  14 black draconians
  11 purple draconians
  12 red draconians
  10 white draconians
  14 ettins
  An eidolon (Vaults:3)
  2 deep elf death magi
  A minotaur (Lab)
  12 fire dragons
  A fire dragon (shapeshifter) (Vaults:5)
  3 jiangshi (Depths:3)
  4 deep elf high priests
  4 great orbs of eyes
  16 yaktaur captains
  12 naga warriors
  7 rakshasas
  29 vault guards
  A ghost crab (Swamp:1)
  4 ice dragons
  13 hydras
  7 spriggan air magi
  A merfolk avatar (Lair:6)
  16 deep troll shamans
  54 two-headed ogres
  7 anacondas
  11 centaur warriors
  13 ogre magi
  A dancing weapon (Vaults:5)
  5 death knights
  4 death yaks (Depths:2)
  7 deep troll earth magi
  8 alligators
  An alligator (shapeshifter) (Vaults:2)
  A vampire mage (Depths:3)
  9 naga sharpshooters
  6 shock serpents
  8 spriggan berserkers
  3 shadow wraiths
  7 deep elf knights
  21 hell knights
  A salamander mystic (Snake:4)
  A fire crab (Lair:5)
  A wretched star (Abyss:2)
  4 skeletal warriors
  3 sixfirhies
  6 unseen horrors
  3 iron trolls
  3 naga ritualists (Snake:4)
  7 spriggan druids (Depths:2)
  29 slime creatures
  An unseen horror (shapeshifter) (Depths:3)
  A glowing orange brain (Vaults:2)
  A sea snake (Snake:1)
  10 wizards
  5 flayed ghosts
  3 shambling mangroves
  41 deep trolls
  2 deep elf archers
  11 orc knights
  A lindwurm (Lair:2)
  13 swamp dragons
  2 obsidian statues (Depths:1)
  5 phantasmal warriors
  7 necromancers
  13 ironbrand convokers
  4 harpies (Lair:6)
  5 mana vipers
  6 wolf spiders
  An orb spider (shapeshifter) (Vaults:4)
  11 salamanders
  15 orc sorcerers
  26 moths of wrath
  3 cyclopes
  20 ugly things
  4 oklob plants (Lair:2)
  4 manticores
  A manticore (shapeshifter) (Depths:1)
  9 deep elf magi
  11 vault sentinels
  13 elephants
  25 black mambas
  A guardian serpent (shapeshifter) (Vaults:2)
  A rust devil (Depths:1)
  A black mamba (shapeshifter) (Depths:3)
  A molten gargoyle (Volcano)
  28 naga magi
  An ice statue (IceCv)
  2 orange demons (Depths:1)
  5 kobold demonologists
  15 spiny frogs
  6 gargoyles
  9 large abominations
  2 anaconda simulacra (IceCv)
  A yaktaur (shapeshifter) (Vaults:3)
  7 komodo dragons
  4 rime drakes (Lair:6)
  A rime drake (shapeshifter) (Vaults:2)
  15 freezing wraiths
  8 ice devils
  An efreet (D:15)
  48 yaktaurs
  A komodo dragon (shapeshifter) (Vaults:4)
  An ancient zyme (Abyss:2)
  2 hellwings (Depths:1)
  A jumping spider (shapeshifter) (D:14)
  3 tengu conjurers
  8 trolls
  9 tyrant leeches
  2 golden dragon simulacra (IceCv)
  2 polar bears (Lair:6)
  2 meliai (D:14)
  A tyrant leech (shapeshifter) (Vaults:5)
  3 red devils (Depths:1)
  A hornet (shapeshifter) (Vaults:1)
  35 hornets
  A human simulacrum (Vaults:3)
  A raiju (shapeshifter) (Depths:2)
  A raiju (Abyss:2)
  2 blink frogs (shapeshifter)
  16 blink frogs
  7 bog bodies
  3 air elementals (Depths:4)
  13 hippogriffs
  12 dream sheep
  Prince Ribbit (D:5)
  3 small abominations
  2 shadows (D:15)
  5 redbacks
  A redback (shapeshifter) (Vaults:5)
  29 yaks
  2 tarantellas
  4 ynoxinuls
  46 spriggans
  3 dire elephant simulacra (IceCv)
  4 wraiths
  A golden eye (shapeshifter) (D:15)
  The ghost of sheala the Chopper, an amateur HOMo (D:4)
  18 humans (D:14)
  2 chaos spawn
  A steam dragon (Lair:2)
  A fire elemental (Volcano)
  2 hungry ghosts
  3 basilisks
  20 vampire mosquitoes
  A neqoxec (Zot:5)
  36 nagas
  4 harpy simulacra (IceCv)
  21 swamp worms
  10 wargs
  A soldier ant (D:8)
  2 acid dragons
  3 hydra simulacra (IceCv)
  3 iron troll simulacra (IceCv)
  2 hell hounds (D:11)
  8 insubstantial wisps (Swamp:1)
  8 porcupines
  A floating eye (shapeshifter) (Vaults:5)
  22 water moccasins
  9 swamp drakes
  8 ice beasts
  An eye of draining (D:15)
  4 sky beasts
  A black bear (D:12)
  36 orc warriors
  2 necrophages
  An alligator simulacrum (IceCv)
  44 ogres
  A black bear (shapeshifter) (Vaults:2)
  23 boggarts
  4 wolves (Lair:5)
  17 centaurs
  6 crocodiles
  4 big kobolds
  23 bullfrogs
  A gnoll sergeant (D:10)
  A wyvern zombie (D:12)
  The ghost of sheala the Chopper, a weakling HOMo (D:3)
  6 scorpions
  An elephant simulacrum (IceCv)
  15 killer bees
  4 wights (D:7)
  5 howler monkeys
  4 electric eels
  11 crimson imps
  6 lava snakes (Snake:4)
  A bullfrog zombie (D:5)
  2 draconian simulacra (IceCv)
  A quasit (D:13)
  5 centaur zombies
  19 orc priests
  2 bullfrog skeletons
  8 jellies
  8 hounds
  An iron imp (Depths:3)
  7 centaur skeletons
  2 iguanas
  5 hell rats (Lair:5)
  38 orc wizards
  9 worker ants
  3 spriggan simulacra (IceCv)
  6 troll simulacra (IceCv)
  2 hound zombies
  A hound skeleton (D:11)
  A worker ant zombie (D:13)
  11 adders
  11 gnolls
  A howler monkey skeleton (D:9)
  A naga simulacrum (IceCv)
  3 ogre simulacra (IceCv)
  4 shadow imps
  6 white imps (IceCv)
  6 ufetubi
  2 worms
  A dart slug (D:1)
  7 leopard geckos
  86 orcs
  3 bats
  5 giant cockroaches
  8 goblins
  10 hobgoblins
  14 jackals
  26 kobolds
  5 quokkas
  5 ball pythons
  3 frilled lizards
  12 rats
  3 bushes
  2 crawling corpses
  A fungus (Lair:5)
  A plant (Lair:6)
  4 starspawn tentacles (Abyss:2)
2180 creatures vanquished.

Vanquished Creatures (collateral kills)
  An Ice Fiend (IceCv)
  An Orb Guardian (Zot:5)
  A spriggan defender (Depths:2)
  A green draconian (Zot:5)
  A naga warrior (Snake:4)
  3 vault guards (Vaults:5)
  A hydra (Swamp:4)
  A hell knight (Depths:1)
  4 swamp dragons (Swamp:4)
  A wolf spider (Vaults:5)
  A black mamba (Snake:4)
  An ice devil (IceCv)
  An anaconda simulacrum (IceCv)
  A hydra simulacrum (IceCv)
  2 swamp drakes (Swamp:4)
  5 orc warriors (Orc:1)
  An orc wizard (Orc:1)
  An orc (Orc:1)
28 creatures vanquished.

Vanquished Creatures (others)
  An ancient lich (Zot:5)
  A draconian knight (Depths:5)
  A frost giant (Depths:4)
  An ironheart preserver (Vaults:1)
  A purple draconian (Zot:4)
  A deep elf death mage (Vaults:5)
  A vault guard (Vaults:5)
  An ironbrand convoker (Vaults:5)
  An orc sorcerer (Vaults:5)
  2 ugly things (Depths:1)
  A cyclops (Vaults:1)
  An orc warrior (Vaults:5)
  A boggart (Vaults:1)
  An orc wizard (Orc:2)
  12 fungi
  10 plants
  3 starspawn tentacles (Abyss:2)
40 creatures vanquished.

Grand Total: 2248 creatures vanquished

Notes
Turn   | Place    | Note
-------+----------+-------------------------------------------
     0 | D:1      | Kriby the Hill Orc Fighter began the quest for the Orb.
     0 | D:1      | Reached XP level 1. HP: 19/19 MP: 1/1
   221 | D:1      | Reached XP level 2. HP: 27/27 MP: 2/2
   666 | D:2      | Reached XP level 3. HP: 18/33 MP: 3/3
   876 | D:2      | Found a burning altar of Makhleb.
   903 | D:2      | Became a worshipper of Makhleb the Destroyer
   929 | D:2      | Reached skill level 4 in Shields
   929 | D:2      | Reached XP level 4. HP: 32/40 MP: 4/4
  1508 | D:2      | Reached XP level 5. HP: 45/47 MP: 5/5
  1680 | D:2      | Found an opulent altar of Gozag.
  1681 | D:2      | Found Gozag's Platinum Reserve.
  2110 | D:3      | Reached skill level 5 in Axes
  2212 | D:3      | Noticed sheala's ghost (weakling HOMo)
  2219 | D:3      | Killed sheala's ghost
  2219 | D:3      | Reached skill level 5 in Fighting
  2375 | D:3      | Found a white marble altar of Elyvilon.
  2631 | D:3      | Reached XP level 6. HP: 56/56 MP: 6/6
  2685 | D:3      | Reached * piety under Makhleb
  3224 | D:4      | Found an ancient bone altar of Kikubaaqudgha.
  3247 | D:4      | Noticed sheala's ghost (amateur HOMo)
  3265 | D:4      | Killed sheala's ghost
  3265 | D:4      | Reached XP level 7. HP: 38/62 MP: 7/7
  3815 | D:5      | Entered Level 5 of the Dungeon
  3848 | D:5      | Gained mutation: Your muscles are strong. (Str +2) [mutagenic meat]
  3849 | D:5      | Gained mutation: You are somewhat resistant to further mutation. [mutagenic meat]
  4882 | D:5      | Found Onlok's Magic Scroll Shoppe.
  4890 | D:5      | Bought a scroll of enchant armour for 105 gold pieces
  4890 | D:5      | Bought a scroll of identify for 28 gold pieces
  4890 | D:5      | Bought a scroll of noise for 14 gold pieces
  4968 | D:5      | Noticed Prince Ribbit
  4972 | D:5      | Killed Prince Ribbit
  4972 | D:5      | Reached XP level 8. HP: 54/72 MP: 8/8
  5225 | D:6      | Reached skill level 10 in Axes
  5333 | D:6      | Reached ** piety under Makhleb
  5354 | D:6      | Found Peaq's General Store.
  5403 | D:6      | Found a stormy altar of Qazlal.
  5797 | D:6      | Reached XP level 9. HP: 81/81 MP: 9/9
  6192 | D:7      | Found a staircase to the Ecumenical Temple.
  6203 | D:7      | Found a blossoming altar of Fedhas.
  6299 | D:7      | Found an iron altar of Okawaru.
  6472 | D:7      | Found a basalt altar of Yredelemnul.
  6475 | D:7      | Found a shattered altar of Ashenzari.
  6478 | D:7      | Found a bloodstained altar of Trog.
  7122 | D:8      | Reached *** piety under Makhleb
  7149 | D:8      | Noticed a two-headed ogre
  7265 | D:8      | Reached skill level 10 in Fighting
  7291 | D:8      | Killed a two-headed ogre
  7291 | D:8      | Reached XP level 10. HP: 74/94 MP: 10/10
  7645 | D:8      | Found Cisarch's Book Boutique.
  7647 | D:8      | Found a white marble altar of Elyvilon.
  7826 | D:8      | Identified the +4 chain mail "Olipsuo" {+Blink Int+2 Slay+2} (You found it on level 8 of the Dungeon)
  7973 | D:9      | Reached skill level 15 in Axes
  8021 | D:9      | Found Fytics's Magic Scroll Boutique.
  8029 | D:9      | Bought a scroll of enchant weapon for 97 gold pieces
  8029 | D:9      | Bought a scroll of enchant armour for 97 gold pieces
  8301 | D:9      | Found a staircase to the Orcish Mines.
  8372 | D:9      | You fall through a shaft!
  8372 | D:10     | Entered Level 10 of the Dungeon
  8401 | D:9      | Reached **** piety under Makhleb
  8558 | D:9      | Reached XP level 11. HP: 102/102 MP: 11/11
  8699 | D:9      | Identified the +1 chain mail of the Demon Prince {+Inv Str-4 Int+3} (You found it on level 9 of the Dungeon)
  9380 | D:9      | Noticed a two-headed ogre
  9389 | D:9      | Killed a two-headed ogre
  9762 | D:10     | Killed an unseen horror
  9762 | D:10     | Reached skill level 1 in Throwing
  9829 | D:10     | Reached ***** piety under Makhleb
  9947 | D:10     | Found Teargh Ropra's Antique Armour Shoppe.
 10064 | D:11     | Noticed a wizard
 10065 | D:11     | Noticed a wizard
 10066 | D:11     | Noticed a deep elf mage
 10073 | D:11     | Killed a wizard
 10195 | D:11     | Identified Ycooduj's Catalogue of Dhcmrlchtdj
 10228 | D:11     | Noticed a deep elf mage
 10234 | D:11     | Killed a deep elf mage
 10239 | D:11     | Identified the Almanac of Axaxaxas mlö
 10249 | D:11     | Identified the Almanac of Plaster Cramp
 10267 | D:11     | Noticed a two-headed ogre
 10277 | D:11     | Killed a two-headed ogre
 10567 | D:11     | Found a staircase to the Lair.
 10724 | D:11     | Reached XP level 12. HP: 113/113 MP: 12/12
 10869 | D:11     | Noticed a two-headed ogre
 10876 | D:11     | Killed a two-headed ogre
 11027 | D:11     | Noticed a two-headed ogre
 11034 | D:11     | Killed a two-headed ogre
 11119 | Lair:1   | Entered Level 1 of the Lair of Beasts
 11125 | Lair:1   | Found a labyrinth entrance.
 11157 | Lair:1   | Noticed a seven-headed hydra
 11160 | Lair:1   | Got a crystal war axe
 11162 | Lair:1   | Identified the +10 war axe "Kepseag" {freeze, rElec MR- Str-5 Dex+8} (You found it on level 1 of the Lair of Beasts)
 11164 | Lab      | Entered a labyrinth
 11263 | Lab      | HP: 4/115 [gargoyle/stone arrow (18)]
 11619 | Lab      | Noticed a minotaur
 11626 | Lab      | Killed a minotaur
 11888 | Lair:1   | Reached skill level 1 in Invocations
 11933 | Lair:1   | Killed a seven-headed hydra
 11950 | Lair:1   | Noticed Gastronok
 11968 | Lair:1   | Killed Gastronok
 13304 | Lair:2   | Reached XP level 13. HP: 121/123 MP: 16/16
 13307 | Lair:2   | Reached skill level 5 in Invocations
 13452 | Lair:2   | Reached skill level 1 in Dodging
 13485 | Lair:2   | Found a staircase to the Swamp.
 13724 | Lair:2   | Reached skill level 5 in Armour
 14225 | Lair:3   | Found a staircase to the Snake Pit.
 15270 | Lair:4   | Identified the cursed +1 ring mail "Xuceituv" {rPois rF+} (You found it on level 4 of the Lair of Beasts)
 16371 | Lair:5   | Reached ****** piety under Makhleb
 16380 | Lair:5   | Found a dark tunnel.
 16394 | Volcano  | Entered a volcano
 16405 | Volcano  | Lost mutation: Your muscles are strong. (Str +2) [potion of mutation]
 16405 | Volcano  | Gained mutation: You are partially covered in thin metallic scales. (AC +2) [potion of mutation]
 16843 | Lair:5   | Noticed marsu's ghost (journeyman HuFi)
 16859 | Lair:5   | Killed marsu's ghost
 17165 | Lair:5   | Reached skill level 5 in Shields
 17702 | Lair:6   | Entered Level 6 of the Lair of Beasts
 17738 | Lair:6   | Reached XP level 14. HP: 132/132 MP: 20/20
 17854 | Lair:6   | Reached skill level 6 in Shields
 18042 | Lair:6   | Found a viscous altar of Jiyva.
 18050 | Lair:6   | Found a staircase to the Slime Pits.
 18382 | Lair:6   | Reached skill level 7 in Shields
 18453 | Lair:6   | Reached skill level 10 in Armour
 19020 | D:12     | Noticed a fire giant
 19046 | D:12     | Reached skill level 5 in Dodging
 19080 | D:12     | Killed a fire giant
 19097 | D:12     | Noticed a frost giant
 19109 | D:12     | Killed a frost giant
 19495 | D:12     | Identified the +0 pair of boots of the Learner {rF+ Int+3} (You found it on level 12 of the Dungeon)
 19613 | D:8      | Bought a book of Fire for 910 gold pieces
 19635 | D:8      | Learned a level 6 spell: Bolt of Fire
 19881 | D:12     | Reached skill level 8 in Shields
 19881 | D:12     | Reached skill level 1 in Fire Magic
 20237 | D:13     | Identified the +4 ring mail of Time Monsters {rPois rCorr Str-2 Stlth-} (You found it on level 13 of the Dungeon)
 20746 | D:13     | Reached skill level 9 in Shields
 20746 | D:13     | Reached XP level 15. HP: 139/139 MP: 22/22
 21123 | Swamp:1  | Entered Level 1 of the Swamp
 21324 | Swamp:1  | Reached skill level 10 in Shields
 21452 | Swamp:1  | Reached skill level 5 in Fire Magic
 21666 | Swamp:1  | Noticed Nikola
 21686 | Swamp:1  | Killed Nikola
 21686 | Swamp:1  | Reached skill level 11 in Shields
 22803 | Swamp:2  | Reached skill level 12 in Shields
 23565 | Swamp:4  | Entered Level 4 of the Swamp
 24289 | Swamp:4  | Noticed the 27-headed Lernaean hydra
 24294 | Swamp:4  | Reached XP level 16. HP: 147/147 MP: 23/23
 24296 | Swamp:4  | Reached skill level 13 in Shields
 24303 | Swamp:4  | Killed the 27-headed Lernaean hydra
 24456 | Swamp:4  | Got a decaying rune of Zot
 24626 | Swamp:4  | Reached skill level 14 in Shields
 25241 | Snake:1  | Entered Level 1 of the Snake Pit
 26162 | Snake:2  | Got a slimy bone ring
 26248 | Snake:2  | Identified the ring of the Final Decision {rC+ MR++ Int-2 Dex+2 Stlth+} (You found it on level 2 of the Snake Pit)
 26260 | Snake:2  | Learned a level 8 spell: Ignition
 26284 | Snake:2  | Reached skill level 15 in Shields
 26314 | Snake:2  | Reached skill level 10 in Fire Magic
 27809 | Snake:4  | Entered Level 4 of the Snake Pit
 27809 | Snake:4  | Noticed Louise
 27821 | Snake:4  | Killed Louise
 27821 | Snake:4  | Reached XP level 17. HP: 154/154 MP: 24/24
 27838 | Snake:4  | Found a frozen archway.
 27870 | IceCv    | Entered an ice cave
 28558 | IceCv    | Noticed an Ice Fiend
 28570 | IceCv    | Killed an Ice Fiend
 28625 | IceCv    | Identified a +2 pair of boots of running (You found it in an ice cave)
 28935 | Snake:4  | Reached skill level 15 in Fighting
 29007 | Snake:4  | Reached skill level 16 in Shields
 29114 | Snake:4  | Noticed Jorgrun
 29132 | Snake:4  | Killed Jorgrun
 29346 | Snake:4  | Got a serpentine rune of Zot
 29602 | Snake:4  | Reached XP level 18. HP: 163/163 MP: 25/25
 30136 | Orc:1    | Entered Level 1 of the Orcish Mines
 30410 | Orc:2    | Entered Level 2 of the Orcish Mines
 30463 | Orc:2    | Found Nejin's Magic Scroll Shoppe.
 30471 | Orc:2    | Found a roughly hewn altar of Beogh.
 30474 | Orc:2    | Found a staircase to the Elven Halls.
 30661 | Orc:2    | Found Qexzyph's Magic Scroll Boutique.
 30703 | Orc:2    | Found a roughly hewn altar of Beogh.
 30748 | Orc:2    | Found Ypito's General Store.
 31150 | Orc:2    | Found Syrhea's Antique Armour Boutique.
 31150 | Orc:2    | Found Vovug's Magic Scroll Shoppe.
 31165 | Orc:2    | Bought a scroll of identify for 20 gold pieces
 31165 | Orc:2    | Bought a scroll of brand weapon for 200 gold pieces
 31165 | Orc:2    | Bought a scroll of teleportation for 30 gold pieces
 31165 | Orc:2    | Bought a scroll of recharging for 95 gold pieces
 31165 | Orc:2    | Bought a scroll of teleportation for 30 gold pieces
 31165 | Orc:2    | Bought a scroll of teleportation for 30 gold pieces
 31165 | Orc:2    | Bought a scroll of enchant armour for 75 gold pieces
 31587 | D:14     | Reached skill level 17 in Shields
 31787 | D:14     | Found a gate to the Vaults.
 31811 | D:14     | Identified the +5 scale mail "Lew Noew" {Slay+2} (You found it on level 14 of the Dungeon)
 32240 | D:15     | Entered Level 15 of the Dungeon
 32571 | D:15     | Found a glowing golden altar of the Shining One.
 32789 | D:15     | Found a staircase to the Depths.
 32942 | D:15     | Found a sparkling altar of Nemelex Xobeh.
 33085 | Vaults:1 | Entered Level 1 of the Vaults
 33259 | Vaults:1 | Cast into level 2 of the Abyss (a deep elf sorcerer)
 33264 | Abyss:2  | Found a corrupted altar of Lugonu.
 33342 | Abyss:2  | Got a shimmering copper ring
 33343 | Abyss:2  | Identified the ring "Riyduc" {Str+4 Int+5 Dex+3} (You found it on level 2 of the Abyss)
 33430 | Vaults:1 | Escaped the Abyss
 33435 | Vaults:1 | Noticed a Tzitzimitl
 33909 | Vaults:1 | Reached XP level 19. HP: 174/174 MP: 26/26
 34023 | Vaults:1 | Reached skill level 18 in Shields
 34433 | Vaults:1 | Found Doluutywn's Magic Scroll Shoppe.
 34436 | Vaults:1 | Bought a scroll of brand weapon for 300 gold pieces
 34436 | Vaults:1 | Bought a scroll of blinking for 112 gold pieces
 34436 | Vaults:1 | Bought a scroll of enchant weapon for 112 gold pieces
 34436 | Vaults:1 | Bought a scroll of teleportation for 45 gold pieces
 34846 | Vaults:2 | Reached skill level 15 in Armour
 35032 | Vaults:2 | Noticed a Hell Sentinel
 35090 | Vaults:2 | Noticed xash's ghost (adept GrEE)
 35119 | Vaults:2 | Killed xash's ghost
 35608 | Vaults:2 | Reached skill level 19 in Shields
 35779 | Vaults:2 | Noticed Frederick
 35792 | Vaults:2 | Killed Frederick
 35955 | Vaults:2 | Found Cesseu Kiama's Armour Boutique.
 35966 | Vaults:2 | Reached XP level 20. HP: 166/184 MP: 27/27
 36620 | Vaults:3 | Found a staircase to the Crypt.
 36787 | Vaults:3 | Paralysed by an ogre mage for 3 turns
 37834 | Vaults:4 | Reached XP level 21. HP: 193/193 MP: 28/28
 38611 | Vaults:4 | Reached skill level 20 in Shields
 39122 | Depths:1 | Entered Level 1 of the Depths
 39122 | Depths:1 | Noticed Aizul
 39144 | Depths:1 | Noticed Saint Roka
 39243 | Depths:1 | Killed Aizul
 39625 | Depths:1 | Killed Saint Roka
 39855 | Depths:1 | Found a burning altar of Makhleb.
 39953 | Depths:1 | Found a gateway to Hell.
 40019 | Depths:1 | Reached XP level 22. HP: 203/203 MP: 29/29
 40072 | Depths:1 | Found a one-way gate leading to the halls of Pandemonium.
 40200 | Depths:1 | Found a burning altar of Makhleb.
 40303 | Depths:2 | Reached skill level 21 in Shields
 40707 | Depths:2 | Found a one-way gate to the infinite horrors of the Abyss.
 40850 | Depths:2 | Noticed the Enchantress
 40865 | Depths:2 | Killed the Enchantress
 40869 | Depths:2 | Identified the +8 faerie dragon scales {rPois rF+ rC- rCorr Slay+2} (You took it off the Enchantress on level 2 of the Depths)
 41452 | Depths:2 | Found a bloodstained altar of Trog.
 41602 | Depths:2 | Reached skill level 22 in Shields
 42204 | Depths:3 | Found a shattered altar of Ashenzari.
 42389 | Depths:3 | Reached skill level 23 in Shields
 42490 | Depths:3 | Found Binoidue's Antique Armour Shop.
 42490 | Depths:3 | Found Ixtomomm's Armour Boutique.
 42500 | Depths:3 | Bought a pair of smoking gloves for 351 gold pieces
 42500 | Depths:3 | Identified the +1 pair of gloves "Xutipeedde" {+Fly Int+6 Dex-5} (You bought it in a shop on level 3 of the Depths)
 42518 | Depths:3 | Bought a runed helmet for 277 gold pieces
 42518 | Depths:3 | Bought a pair of runed gloves for 277 gold pieces
 42927 | Depths:3 | Reached XP level 23. HP: 211/211 MP: 30/30
 43280 | Depths:4 | Reached skill level 24 in Shields
 43384 | Depths:4 | Noticed Boris
 43415 | Depths:4 | Killed Boris
 43609 | Depths:4 | Noticed a golden dragon
 43618 | Depths:4 | Killed a golden dragon
 43640 | Depths:4 | Reached skill level 25 in Shields
 43669 | Depths:4 | Noticed a golden dragon
 43684 | Depths:4 | Killed a golden dragon
 43698 | Depths:4 | Noticed a golden dragon
 43706 | Depths:4 | Killed a golden dragon
 43706 | Depths:4 | Reached skill level 10 in Invocations
 43830 | Depths:4 | Noticed a golden dragon
 43839 | Depths:4 | Killed a golden dragon
 43910 | Depths:4 | Identified the cursed +3 rapier "Jaqem" {elec, -Tele MR++ Str+4} (You found it on level 4 of the Depths)
 43994 | Depths:4 | Found a gateway to a ziggurat.
 44292 | Depths:5 | Entered Level 5 of the Depths
 44644 | Depths:5 | Reached XP level 24. HP: 211/218 MP: 31/31
 44766 | Depths:5 | Found a gate to the Realm of Zot.
 44820 | Depths:5 | Reached skill level 15 in Fire Magic
 45033 | Depths:5 | Found a corrupted altar of Lugonu.
 45476 | Vaults:5 | Entered Level 5 of the Vaults
 45522 | Vaults:5 | Noticed Jory
 45660 | Vaults:5 | Reached XP level 25. HP: 225/225 MP: 33/33
 45669 | Vaults:5 | Identified the +1 long sword of Anteum {drain, rElec Int-5 Dex+8 Stlth+} (You took it off an ironbrand convoker on level 5 of the Vaults)
 45862 | Vaults:5 | Killed Jory
 46000 | Vaults:5 | Got a silver rune of Zot
 46368 | Vaults:5 | Reached skill level 15 in Invocations
 46478 | Vaults:5 | Identified the +7 plate armour "Fatz" {rPois rC- rN+++ Int-3} (You found it on level 5 of the Vaults)
 46488 | Vaults:5 | Identified Gugoop's Arcane Secrets of Wizardry
 47058 | Vaults:5 | Identified the +8 halberd "Koniuvio" {chop, Dex+3} (You took it off an ironheart preserver on level 5 of the Vaults)
 47403 | Zot:1    | Entered Level 1 of the Realm of Zot
 48216 | Depths:5 | Identified a scroll of acquirement
 48634 | Zot:1    | Reached skill level 1 in Spellcasting
 49524 | Zot:2    | Reached XP level 26. HP: 234/234 MP: 35/35
 49704 | Zot:3    | Reached skill level 5 in Spellcasting
 49786 | Zot:3    | Identified the +2 hat of Free Expression {Int+3} (You found it on level 3 of the Realm of Zot)
 50530 | Zot:4    | Noticed Tiamat
 50623 | Zot:4    | Killed Tiamat
 50764 | Zot:4    | Identified the Compendium of Earthen Poisoning
 51018 | Zot:4    | Reached skill level 10 in Spellcasting
 51440 | Zot:5    | Entered Level 5 of the Realm of Zot
 51649 | Zot:5    | Reached XP level 27. HP: 240/240 MP: 37/37
 51876 | Zot:5    | Noticed an ancient lich
 51888 | Zot:5    | Noticed an ancient lich
 51907 | Zot:5    | Killed an ancient lich
 51926 | Zot:5    | Killed an ancient lich
 51928 | Zot:5    | Noticed an orb of fire
 51967 | Zot:5    | Noticed an orb of fire
 51981 | Zot:5    | Killed an orb of fire
 52019 | Zot:5    | Noticed an orb of fire
 52030 | Zot:5    | Killed an orb of fire
 52053 | Zot:5    | Noticed an ancient lich
 52060 | Zot:5    | Killed an ancient lich
 52071 | Zot:5    | Noticed an ancient lich
 52086 | Zot:5    | Killed an ancient lich
 52184 | Zot:5    | Gained mutation: Your magical capacity is low. (-10% MP) [an orb of fire]
 52192 | Zot:5    | Killed an orb of fire
 52594 | Zot:5    | Got the Orb of Zot
 52647 | Zot:5    | HP: 4/247 [Tzitzimitl (11)]
 52648 | Zot:5    | Slain by a Tzitzimitl

Skill      XL: |  1  2  3  4  5  6  7  8  9 10 11 12 13 14 15 16 17 18 19 20 21 22 23 24 25 26 27 |
---------------+----------------------------------------------------------------------------------+-----
Axes           | 3 4 5 7 9 11 14 16 18 19 | 19.5
Fighting       | 4 5 7 8 10 11 12 13 14 15 16 17 18 20 | 20.7
Armour         | 4 8 10 12 14 16 18 19 | 19.1
Shields        | 4 5 9 12 15 16 17 19 20 23 25 | 25.0
Throwing       | 2 4 |  4.1
Invocations    | 4 8 9 10 14 16 | 16.3
Dodging        | 4 5 9 |  9.6
Fire Magic     | 2 7 12 14 17 20 21 22 | 22.6
Spellcasting   | 4 10 11 | 11.5

Action                   |  1- 3 |  4- 6 |  7- 9 | 10-12 | 13-15 | 16-18 | 19-21 | 22-24 | 25-27 || total
-------------------------+-------+-------+-------+-------+-------+-------+-------+-------+-------++-------
Melee: War axe           |    66 |   182 |   211 |    70 |   884 |  1317 |  1346 |  1104 |    11 ||  5191
       Battleaxe         |       |       |    68 |   390 |       |       |       |       |       ||   458
       Dire flail        |       |       |       |    24 |       |       |       |       |       ||    24
       Flail             |       |       |       |       |    35 |    66 |       |       |       ||   101
       Broad axe         |       |       |       |       |       |       |       |   136 |  1359 ||  1495
Throw: Javelin           |       |       |     6 |    13 |    13 |       |       |       |       ||    32
Invok: Lesser Servant of |       |       |       |     3 |     1 |     1 |       |       |       ||     5
       Greater Servant o |       |       |       |       |     2 |     3 |     4 |     2 |     1 ||    12
       Major Destruction |       |       |       |       |       |     1 |       |       |       ||     1
Evoke: Wand              |       |       |    32 |     5 |    12 |    18 |     3 |     1 |       ||    71
       Lamp of fire      |       |       |       |       |       |     1 |       |       |       ||     1
       Box of beasts     |       |       |       |       |       |       |     2 |       |       ||     2
  Use: Potion            |       |     3 |     1 |     7 |    12 |     6 |     4 |     5 |    11 ||    49
       Scroll            |       |       |    14 |    14 |    17 |    12 |    19 |    15 |    18 ||   109
 Stab: Confused          |       |       |       |       |     7 |       |       |       |     2 ||     9
       Sleeping          |       |       |       |       |     2 |     6 |    12 |     9 |     3 ||    32
       Distracted        |       |       |       |       |     1 |    10 |     2 |     4 |     2 ||    19
       Invisible         |       |       |       |       |       |       |     1 |    26 |       ||    27
  Eat: Chunk             |       |     7 |    11 |    17 |    29 |    21 |    20 |    18 |    16 ||   139
       Bread ration      |       |       |     2 |       |     2 |     2 |       |     1 |       ||     7
       Fruit             |       |       |       |       |       |       |       |     3 |       ||     3
Armor: Scale mail        |     2 |       |       |       |       |       |       |       |       ||     2
       Ring mail         |    45 |    70 |    93 |     7 |    36 |       |       |       |       ||   251
       Chain mail        |       |       |       |   264 |   155 |    62 |       |       |       ||   481
       Skin              |       |       |       |     9 |       |       |       |       |       ||     9
       Steam dragon scal |       |       |       |       |    39 |    47 |   227 |    25 |       ||   338
       Swamp dragon scal |       |       |       |       |    98 |   233 |       |       |       ||   331
       Acid dragon scale |       |       |       |       |       |       |       |   236 |   304 ||   540
Dodge: Dodged            |    20 |    68 |   102 |   154 |   302 |   405 |   368 |   502 |   365 ||  2286
       Deflected         |       |       |       |       |    13 |    63 |    21 |    18 |       ||   115
Block: Shield            |    39 |   112 |    75 |     1 |   462 |   329 |       |       |       ||  1018
       Large shield      |       |       |       |       |       |   985 |  1425 |  1536 |  1451 ||  5397
